 Dungeon Crawl Stone Soup version 0.27-a0-67-g4bfc8a49e1 (webtiles) character file.

Game seed: 12158021458201915689

68588 Borgoz the Basher (level 15, -11/97 HPs)
             Began as a Gargoyle Gladiator on Jan 9, 2021.
             Was an Elder of Ashenzari.
             Mangled by Sonja
             ... wielding a +2 dagger of distortion
              (19 damage)
             ... on level 1 of the Lair of Beasts.
             The game lasted 00:35:44 (20654 turns).

Borgoz the Basher (Gargoyle Gladiator)             Turns: 20654, Time: 00:35:45

Health: -11/97     AC: 32    Str: 19    XL:     15   Next: 27%
Magic:  22/22      EV: 19    Int:  9    God:    Ashenzari [****..]
Gold:   1460       SH:  5    Dex: 22    Spells: 21/24 levels left

rFire    + . .     SeeInvis +   a - +5 dire flail (freeze)
rCold    + . .     Faith    .   (shield currently unavailable)
rNeg     + . .     Spirit   .   A - +7 Kryia's mail coat {PotionHeal*2 rC+} (curse)
rPois    ∞         Reflect  +   M - +0 helmet
rElec    +         Harm     .   l - +0 cloak
rCorr    .         Rampage  .   (no gloves)
Will     +....     Clarity  +   y - +0 pair of boots
Stlth    ..........             f - amulet of reflection
HPRegen  0.26/turn              u - ring of protection from fire
MPRegen  0.18/turn              O - +6 ring of dexterity

@: flying
A: big wings, negative energy resistance 1, electricity resistance, unbreathing,
petrification resistance, miasma immunity, AC +11
a: Stop Flying, Renounce Religion, Curse Item, Scrying


You were on level 1 of the Lair of Beasts.
You worshipped Ashenzari.
Ashenzari was greatly pleased with you.
You visited 3 branches of the dungeon, and saw 17 of its levels.
You visited the Abyss 1 time.

You collected 1508 gold pieces.
You spent 48 gold pieces at shops.

Inventory:

Hand Weapons
 a - a +5 dire flail of freezing (weapon)
Armour
 b - the +1 leather armour of Usacwi {+Fly rN+ rCorr}
   (You found it on level 1 of the Lair of Beasts)

   It protects you from negative energy.
   It lets you fly.
   It provides partial protection from all sources of acid and corrosion.
 l - a +0 cloak (worn)
 y - a +0 pair of boots (worn)
 A - the cursed +7 Kryia's mail coat (worn) {PotionHeal*2 rC+}
   (You found it on level 6 of the Dungeon)

   It protects you from cold.
   It has a curse placed upon it.
 M - a +0 helmet (worn)
 N - +0 ice dragon scales
 P - the +2 ring mail of the Fiddle {rCorr Dex+4 SInv}
   (You found it on level 14 of the Dungeon)

   It affects your dexterity (+4).
   It lets you see invisible.
   It provides partial protection from all sources of acid and corrosion.
Jewellery
 f - an amulet of reflection (around neck)
 u - a ring of protection from fire (left hand)
 O - a +6 ring of dexterity (right hand)
Wands
 c - a wand of flame (36)
 j - a wand of digging (3)
 E - a wand of iceblast (13)
 F - a wand of paralysis (31)
 I - a wand of acid (8)
Scrolls
 e - 14 scrolls of teleportation
 i - 4 scrolls of blinking
 m - 2 scrolls of fog
 n - 6 scrolls of remove curse
 o - a scroll of summoning
 r - 2 scrolls of fear
 s - 4 scrolls of magic mapping
 v - 5 scrolls of enchant weapon
 w - 2 scrolls of enchant armour
 x - 9 scrolls of identify
 z - a scroll of holy word
 G - a scroll of brand weapon
Potions
 g - 2 potions of curing
 h - 2 potions of invisibility
 p - a potion of cancellation {unknown}
 t - 6 potions of might
 B - 4 potions of haste
 C - 2 potions of mutation
 D - 2 potions of magic
 K - 3 potions of berserk rage
 L - 5 potions of brilliance


   Skills:
 + Level 12.5 Fighting
 * Level 13.9 Maces & Flails
 - Level 1.7 Throwing
 + Level 12.3 Armour
 * Level 11.3 Dodging
 - Level 5.0 Spellcasting
 - Level 5.0 Hexes
 - Level 5.0 Evocations


You had 21 spell levels left.
You knew the following spells:

 Your Spells              Type           Power        Failure   Level
a - Confusing Touch       Hex            11%          22%         3

Your spell library contained the following spells:

 Spells                   Type           Power        Failure   Level
 Magic Dart               Conj           8%           50%         1
 Dazzling Flash           Conj/Hex       12%          52%         3
 Passwall                 Tmut/Erth      1%           65%         2
 Searing Ray              Conj           4%           65%         2
 Swiftness                Air            2%           65%         2
 Gell's Gravitas          Tloc           1%           86%         3
 Fulminant Prism          Conj/Hex       3%           90%         4
 Iskenderun's Mystic Bla  Conj/Tloc      2%           99%         4
 Passage of Golubria      Tloc           N/A          99%         4
 Petrify                  Tmut/Erth      2%           99%         4
 Metabolic Englaciation   Hex/Ice        3%           99%         5
 Yara's Violent Unravell  Hex/Tmut       3%           99%         5
 Lee's Rapid Deconstruct  Erth           1%           100%        5
 Invisibility             Hex            11%          100%        6


Dungeon Overview and Level Annotations

Branches:
Dungeon (15/15)            Temple (1/1) D:7            Lair (1/6) D:9
    Orc (0/2) D:11         Vaults (0/5) D:13         Depths (0/5) D:15

Altars:
Ashenzari
Cheibriados
Dithmenos
Elyvilon
Fedhas
Gozag
Hepliaklqana
Kikubaaqudgha
Makhleb
Nemelex Xobeh
Okawaru
Qazlal
Ru
Sif Muna
Trog
Uskayaw
Vehumet
Wu Jian
Xom
Yredelemnul
Zin
The Shining One

Shops:
D:13 ?

Annotations:
Lair:1 Sonja


Innate Abilities, Weirdness & Mutations

You are resistant to torment.
Your stone body is resilient. (AC +11)
You are immune to poison.
Your large and strong wings let you fly indefinitely.
You resist negative energy. (rN+)
You are resistant to electric shocks. (rElec)
You can survive without breathing.
You are immune to petrification.
You are immune to miasma.


Message History

* * * LOW HITPOINT WARNING * * *
Sonja hits you but does no damage.
You blink.
Throw: throwing net
Press: ? - help, Q - select action, (/) - cycle Shift-Dir - straight line, f/p - Sonja
Aim: Sonja, wielding a +2 dagger of distortion (lightly wounded)
You throw a throwing net. The throwing net hits Sonja.
Sonja is caught in the net!
Sonja is lightly wounded.
Sonja struggles against the net.
Sonja struggles against the net.
Sonja struggles against the net. x2
Sonja struggles against the net.
The net rips apart, and Sonja comes free!
Sonja hits you with a +2 dagger of distortion.
* * * LOW HITPOINT WARNING * * *
Space warps horribly around you!
* * * LOW HITPOINT WARNING * * *
Sonja closely misses you. Sonja hits you but does no damage.
Space warps horribly around you!!
You die...

, * *,,,....##
,,,#...P# ##### ,....##
##...## #, ,
....###..(..# *...,
#..........### **
...!####..####÷.....##
*
*..........#?÷(###....#
, , ...........@K##
#....###
,*♣...♣♣........#
####.#.#### * ,, ♣ *
♣♣.......# #....#P## *,
* ♣.......# ##....... ,
* , ♣(......##
#......#. ,
,...(......# ##.....#.
* , * ...(..♣♣..##
##...#.. , **
♣♣♣♣.♣♣♣♣.. ##.".## *
♣. ..#* #....


You could see Sonja.

Vanquished Creatures
  Rupert (D:13)
  A tentacled starspawn (Abyss:1)
  The ghost of FortyThree the Prestidigitator, an adept GnAr of Gozag (D:14)
  3 fire dragons
  Harold (D:10)
  2 boulder beetles
  2 hydras
  A catoblepas (D:15)
  The ghost of Xtruder99 the Martial Artist, a journeyman MfTm of Cheibriados (D:12)
  9 centaur warriors
  5 two-headed ogres
  An ogre mage (D:13)
  Urug (D:10)
  A shadow wraith (Abyss:1)
  A sixfirhy (Abyss:1)
  A spatial maelstrom (Abyss:1)
  4 unseen horrors
  A quicksilver dragon simulacrum (Abyss:1)
  A glowing orange brain (Abyss:1)
  Pikel (D:7)
  A wizard (D:15)
  An iron dragon zombie (Abyss:1)
  A manticore (D:12)
  11 slime creatures
  6 cyclopes
  18 ugly things
  A guardian serpent (D:13)
  6 centaur skeletons
  3 cane toads (Lair:1)
  Maggie (D:8)
  3 smoke demons (Abyss:1)
  An orange demon (Abyss:1)
  2 gargoyles
  A komodo dragon (Lair:1)
  3 ancient zymes (Abyss:1)
  A yaktaur (D:7)
  A tengu conjurer (D:15)
  A queen bee (D:11)
  5 trolls
  A blink frog (Abyss:1)
  Grinder (D:5)
  5 large abominations (Abyss:1)
  5 small abominations (Abyss:1)
  3 wraiths
  5 wyverns
  A shadow (D:14)
  A ynoxinul (Abyss:1)
  4 basilisks
  2 fire bats (Abyss:1)
  15 yaks
  A chaos spawn (Abyss:1)
  2 water moccasins (Lair:1)
  A soldier ant (D:13)
  2 acid dragons
  7 orc warriors
  11 sky beasts
  7 black bears
  4 ice beasts
  A hornet zombie (D:13)
  An eye of draining (D:10)
  A phantom (D:10)
  10 ogres
  A wolf (Lair:1)
  21 centaurs
  20 bullfrogs
  3 big kobolds
  8 earth elementals (D:15)
  A gnoll sergeant (D:8)
  A water moccasin zombie (D:6)
  A water moccasin skeleton (D:6)
  4 scorpions
  19 killer bees
  2 electric eels
  16 wights
  9 howler monkeys
  3 quasits
  6 bullfrog zombies
  A wyvern simulacrum (D:12)
  7 bullfrog skeletons
  7 centaur zombies
  12 hounds
  7 jellies
  17 orc wizards
  6 orc priests
  A gnoll shaman (D:2)
  Jessica (D:3)
  6 iguanas
  15 worker ants
  4 hell rats (Lair:1)
  A killer bee zombie (D:5)
  2 hound skeletons
  A howler monkey zombie (D:5)
  7 worker ant zombies
  18 gnolls
  17 adders
  A shadow imp (D:5)
  6 white imps
  7 ufetubi
  An ooze (D:4)
  2 adder zombies
  3 adder skeletons
  6 worms
  2 dart slugs (D:1)
  5 leopard geckos
  68 orcs
  4 giant cockroaches
  9 goblins
  10 hobgoblins
  12 jackals
  25 kobolds
  4 quokkas
  A ball python skeleton (D:5)
  10 bats
  9 frilled lizards
  A giant cockroach zombie (D:5)
  A jackal skeleton (D:6)
  2 leopard gecko skeletons
  A quokka skeleton (D:4)
  A quokka zombie (D:5)
  7 rats
640 creatures vanquished.

Vanquished Creatures (others)
  An orc wizard (D:5)
  An orc (D:7)
  9 fungi (D:9)
  34 plants
  2 starspawn tentacles (Abyss:1)
  4 withered plants (D:5)
51 creatures vanquished.

Grand Total: 691 creatures vanquished

Notes
Turn   | Place    | Note
-------+----------+-------------------------------------------
     0 | D:1      | Borgoz the Gargoyle Gladiator began the quest for the Orb.
     0 | D:1      | Reached XP level 1. HP: 12/12 MP: 1/1
   194 | D:1      | Reached XP level 2. HP: 11/18 MP: 2/2
   714 | D:1      | Reached skill level 1 in Armour
   877 | D:1      | Reached XP level 3. HP: 22/22 MP: 3/3
  1500 | D:2      | Reached XP level 4. HP: 27/27 MP: 4/4
  1527 | D:2      | Reached skill level 4 in Maces & Flails
  1538 | D:2      | Reached XP level 5. HP: 17/32 MP: 5/5
  1840 | D:2      | You fall into a shaft and drop 2 floors!
  2022 | D:4      | Reached XP level 6. HP: 21/37 MP: 6/6
  2046 | D:4      | Reached skill level 5 in Maces & Flails
  2372 | D:3      | Found a broken altar of Ashenzari.
  2383 | D:3      | Became a worshipper of Ashenzari the Shackled
  2520 | D:3      | Noticed Jessica
  2614 | D:3      | Killed Jessica
  3416 | D:4      | Reached XP level 7. HP: 28/43 MP: 7/7
  3941 | D:5      | Entered Level 5 of the Dungeon
  4011 | D:5      | Reached skill level 6 in Maces & Flails
  4156 | D:5      | Reached XP level 8. HP: 39/48 MP: 8/8
  4524 | D:5      | Reached skill level 5 in Fighting
  5082 | D:5      | Reached skill level 7 in Maces & Flails
  5130 | D:5      | Noticed Grinder
  5180 | D:5      | Paralysed by Grinder for 7 turns
  5186 | D:5      | Killed Grinder
  5316 | D:6      | Found the +7 Kryia's mail coat {PotionHeal*2 rC+}
  5362 | D:6      | Reached skill level 5 in Armour
  5429 | D:6      | Reached XP level 9. HP: 51/55 MP: 9/9
  5440 | D:6      | Learned a level 3 spell: Confusing Touch
  5601 | D:6      | Reached skill level 1 in Spellcasting
  5622 | D:6      | Found an ornate altar of the Wu Jian Council.
  5638 | D:6      | Reached skill level 1 in Hexes
  5699 | D:6      | Reached skill level 5 in Dodging
  5937 | D:7      | Found a staircase to the Ecumenical Temple.
  5946 | Temple   | Entered the Ecumenical Temple
  6314 | D:7      | Reached * piety under Ashenzari
  6744 | D:7      | Reached skill level 8 in Maces & Flails
  6780 | D:7      | Noticed a white ugly thing
  6783 | D:7      | Noticed a centaur warrior
  6784 | D:7      | Noticed a yaktaur
  6793 | D:7      | Killed a centaur warrior
  6794 | D:7      | Reached XP level 10. HP: 53/63 MP: 12/14
  6803 | D:7      | Killed a white ugly thing
  6822 | D:7      | Noticed a two-headed ogre
  6837 | D:7      | Killed a two-headed ogre
  6838 | D:7      | HP: 3/94 [orc warrior/+0 long sword (9)]
  6848 | D:7      | HP: 3/96 [acid (1)]
  7486 | D:7      | Noticed Pikel
  7499 | D:7      | Killed Pikel
  7500 | D:7      | Reached skill level 9 in Maces & Flails
  7667 | D:7      | Reached XP level 11. HP: 68/68 MP: 17/17
  8462 | D:8      | Noticed Maggie
  8477 | D:8      | Killed Maggie
  8687 | D:8      | Noticed a green ugly thing
  8692 | D:8      | Noticed a two-headed ogre
  8706 | D:8      | Killed a green ugly thing
  8718 | D:8      | Killed a two-headed ogre
  8736 | D:8      | Noticed a cyclops
  8760 | D:8      | Reached skill level 5 in Hexes
  8766 | D:8      | Killed a cyclops
  8767 | D:8      | Reached skill level 5 in Spellcasting
  9531 | D:9      | Found a shadowy altar of Dithmenos.
  9661 | D:9      | Found a burning altar of Makhleb.
  9770 | D:9      | Found a staircase to the Lair.
  9817 | D:10     | Entered Level 10 of the Dungeon
  9830 | D:10     | Reached ** piety under Ashenzari
  9970 | D:10     | Noticed Urug
  9977 | D:10     | Killed Urug
 10089 | D:10     | Noticed Harold
 10109 | D:10     | Killed Harold
 10110 | D:10     | Reached skill level 10 in Maces & Flails
 10110 | D:10     | Reached XP level 12. HP: 63/76 MP: 19/19
 11333 | D:11     | Found a staircase to the Orcish Mines.
 11342 | D:11     | Reached skill level 10 in Fighting
 12159 | D:11     | Got the cursed flail "Esawush" {chaos, *Drain rElec Str+4}
 12403 | D:12     | Found a transporter.
 12405 | D:12     | Found a transporter.
 12405 | D:12     | Noticed Xtruder99's ghost (journeyman MfTm)
 12435 | D:12     | Reached skill level 10 in Armour
 12482 | D:12     | Killed Xtruder99's ghost
 12810 | D:12     | Reached *** piety under Ashenzari
 12820 | D:12     | Got the whip "Qacwaetz" {vorpal, +Rage +Fly Str+2}
 12963 | D:12     | Reached skill level 11 in Maces & Flails
 13167 | D:12     | Identified the +5 whip "Qacwaetz" {vorpal, +Rage +Fly
                  | Str+2} (You found it on level 12 of the Dungeon)
 13244 | D:12     | Noticed a boulder beetle
 13304 | D:12     | Killed a boulder beetle
 13581 | D:13     | Reached skill level 1 in Evocations
 13587 | D:13     | Noticed a centaur warrior
 13601 | D:13     | Killed a centaur warrior
 13602 | D:13     | Reached XP level 13. HP: 48/84 MP: 20/20
 14821 | D:13     | Found Defatem's Magic Scroll Shop.
 14856 | D:13     | Found a gate to the Vaults.
 15313 | D:13     | Noticed Rupert
 15335 | D:13     | Killed Rupert
 15336 | D:13     | Reached skill level 12 in Maces & Flails
 16098 | D:14     | Identified the +2 ring mail of the Fiddle {rCorr Dex+4
                  | SInv}
 16391 | D:14     | Noticed a fire dragon
 16412 | D:14     | Killed a fire dragon
 16651 | D:14     | Got the uncursed pair of boots "Reherix" {*Slow rF+++ Str+2
                  | Slay-3}
 16685 | D:14     | Noticed FortyThree's ghost (adept GnAr)
 16688 | D:14     | Found a runed translucent door.
 16706 | D:14     | Gained mutation: Your large and strong wings let you fly
                  | indefinitely. [Gargoyle growth]
 16706 | D:14     | Reached XP level 14. HP: 74/90 MP: 21/21
 16737 | D:14     | Reached skill level 10 in Dodging
 16975 | D:14     | Killed FortyThree's ghost
 17697 | D:15     | Entered Level 15 of the Dungeon
 17811 | D:15     | Found a staircase to the Depths.
 18274 | D:15     | Reached skill level 13 in Maces & Flails
 18932 | D:15     | Reached skill level 5 in Evocations
 19681 | D:13     | Bought a scroll of teleportation for 48 gold pieces
 19808 | Lair:1   | Entered Level 1 of the Lair of Beasts
 19919 | Lair:1   | Reached **** piety under Ashenzari
 19933 | Lair:1   | Identified the +1 leather armour of Usacwi {+Fly rN+ rCorr}
 20090 | Lair:1   | Noticed Sonja
 20118 | Lair:1   | Cast into level 1 of the Abyss (Sonja)
 20118 | Abyss:1  | Found a corrupted altar of Lugonu.
 20235 | Abyss:1  | Reached XP level 15. HP: 81/96 MP: 22/22
 20388 | Abyss:1  | Noticed a tentacled starspawn
 20403 | Abyss:1  | Killed a tentacled starspawn
 20639 | Lair:1   | Escaped the Abyss
 20654 | Lair:1   | Mangled by Sonja

Illustrated notes

Levels and vault maps discovered:
D:1:      tarquinn_simple_flora_water_a, layout_basic
D:2:      layout_basic, kennysheep_generic_room_8
D:3:      layout_rooms, ashenzari_altar_1, uniq_jessica
D:4:      layout_rooms
D:5:      layout_basic, serial_undead, serial_undead_a, serial_undead_d,
          serial_undead_f, serial_undead_a, kennysheep_nub, grunt_ministairs_5,
          dk_noncrumbling_4, uniq_grinder
D:6:      layout_loops_ring, basic_altar, grunt_decor_cap
D:7:      nzn_winding_woodlands_large [nzn_winding_woodlands_5x5_three,
          nzn_winding_woodlands_5x15_longhouse, nzn_winding_woodlands_hourglass,
          nzn_winding_woodlands_center_garden,
          nzn_winding_woodlands_15x15_five_gardens,
          nzn_winding_woodlands_center_triple_pond,
          nzn_winding_woodlands_5x5_checkerboard,
          nzn_winding_woodlands_5x15_cabin,
          nzn_winding_woodlands_5x5_open_star], layout_loops_corners,
          temple_fountains, uniq_pikel
D:8:      minmay_bloctagon, layout_loops_ring, uniq_maggie
D:9:      layout_rooms, general_overflow_altar, grunt_lair_entry_orc_guard_hut,
          roderic_roman_lattice, nicolae_dithmenos_shadow_blocks
D:10:     layout_stronghold, uniq_urug, uniq_harold
D:11:     layout_loops_cross, david_orc_3, serial_co_window_serial,
          co_window_paths_a, co_window_corner_a, co_window_of_opportunity_a,
          co_window_corner_a, co_window_corner_a, co_window_broadway_a,
          co_window_broadway_c, co_window_of_opportunity_b, co_window_cross_2,
          co_window_corner_b, glass_columns_b, glass_columns_a, glass_columns_a,
          glass_columns_a, glass_columns_b, hive_lemuel
D:12:     layout_roguey, nzn_ghost_randoct, nicolae_benzene_ring, minmay_radiant
D:13:     layout_stronghold, david_vaults_2, serial_shops, kennysheep_mini_moat,
          nrook_guardian_serpent_ordinary, uniq_rupert
D:14:     layout_roguey, hellmonk_ghost_happy_afterlife
D:15:     grunt_enter_depths_hoard, layout_loops_ring, minmay_misc_feat_chi,
          grunt_ministairs_11, hangedman_cracks_in_the_wall
Temple:   regret_index_temple_sigil_plot
Lair:1:   layout_misc_corridors, nicolae_lair_grove_arrangements,
          beast_lair_carwin_8, infiniplex_staircase_pool, uniq_sonja

Skill      XL: |  1  2  3  4  5  6  7  8  9 10 11 12 13 14 |
---------------+-------------------------------------------+-----
Armour         | 1 2 3 4 5 6 7 9 10 11 12 | 12.3
Fighting       | 3 4 5 7 8 9 10 11 12 | 12.5
Maces & Flails | 4 5 6 7 8 9 10 11 12 13 | 13.9
Dodging        | 3 4 5 6 7 8 9 11 | 11.3
Spellcasting   | 2 4 5 |  5.0
Hexes          | 2 4 5 |  5.0
Evocations     | 1 3 5 |  5.0
Throwing       | |  1.7

Action                   |  1- 3 |  4- 6 |  7- 9 | 10-12 | 13-15 || total
-------------------------+-------+-------+-------+-------+-------++-------
Melee: Flail             |   121 |   225 |   165 |       |       ||   511
       Whip              |       |       |   337 |    49 |       ||   386
       Dire flail        |       |       |    23 |   904 |   997 ||  1924
Throw: Throwing net      |       |       |       |       |    12 ||    12
Invok: Curse Item        |       |       |     1 |       |       ||     1
 Abil: Fly               |       |       |       |       |     1 ||     1
Evoke: Wand              |       |       |       |     1 |     5 ||     6
  Use: Scroll            |     3 |     3 |     3 |    16 |     2 ||    27
       Potion            |       |     1 |       |     4 |     7 ||    12
 Stab: Sleeping          |       |       |     1 |       |       ||     1
       Paralysed         |       |       |       |       |     6 ||     6
       Held in net/web   |       |       |       |       |     4 ||     4
       Distracted        |       |       |       |       |     1 ||     1
Armor: Leather armour    |    62 |   125 |   127 |       |       ||   314
       Scale mail        |       |       |    73 |   373 |   346 ||   792
Dodge: Dodged            |    94 |   222 |   289 |   525 |   514 ||  1644
Block: Other             |       |    85 |   111 |   178 |   161 ||   535
       Reflection        |       |     7 |     2 |     7 |    10 ||    26

Table legend: (Time is in decaauts)
 A = Elapsed time spent in this place.
 B = Non-inter-level travel time spent in this place.
 C = Inter-level travel time spent in this place.
 D = Time resting spent in this place.
 E = Time spent auto-exploring this place.
 F = Levels seen in this place.
 G = Mean time per level.
                   A        B        C        D        E       F      G
               +--------+--------+--------+--------+--------+-----+--------+
         Total |  20130 |  19447 |    683 |   4040 |  10780 |  18 | 1118.3 |
       Dungeon |  19096 |  18429 |    667 |   3969 |  10331 |  15 | 1273.1 |
        Temple |    289 |    273 |     16 |      0 |    273 |   1 |  289.0 |
          Lair |    293 |    293 |      0 |      0 |    176 |   1 |  293.0 |
         Abyss |    451 |    451 |      0 |     71 |      0 |   1 |  451.0 |
               +--------+--------+--------+--------+--------+-----+--------+

Top non-repeatable levels by time:
    D:13: 2536 daAuts
     D:7: 1901 daAuts
    D:15: 1813 daAuts
    D:14: 1542 daAuts
    D:11: 1450 daAuts
     D:5: 1313 daAuts
    D:12: 1293 daAuts
     D:1: 1239 daAuts
     D:4: 1174 daAuts
     D:8: 966 daAuts
    D:10: 962 daAuts
     D:2: 863 daAuts
     D:3: 734 daAuts
     D:9: 667 daAuts
     D:6: 636 daAuts
